 Dungeon Crawl Stone Soup version 0.28-a0-938-gbc3f381ebc (webtiles) character file.

Game seed: 174736368366760580

128 BinkBink the Poker (level 4, -2/41 HPs)
             Began as a Minotaur Monk on Nov 28, 2021.
             Killed from afar by Ijyb (10 damage)
             ... with a puff of flame
             ... on level 3 of the Dungeon.
             The game lasted 00:04:26 (2217 turns).

BinkBink the Poker (Minotaur Monk)                  Turns: 2217, Time: 00:04:27

Health: -2/41      AC:  2    Str: 15    XL:     4   Next: 86%
Magic:  3/3        EV: 13    Int:  7    God:
Gold:   77         SH:  0    Dex: 14    Spells: 3/3 levels left

rFire   . . .      SeeInvis .   a - +0 spear
rCold   . . .      Faith    .   (no shield)
rNeg    . . .      Spirit   .   b - +0 robe
rPois   .          Reflect  .   (helmet restricted)
rElec   .          Harm     .   (no cloak)
rCorr   .          Rampage  .   (no gloves)
Will    .....                   (no boots)
Stlth   ++........              (no amulet)
HPRegen 0.13/turn               (no ring)
MPRegen 0.08/turn               (no ring)

@: no status effects
A: horns 2, retaliatory headbutt
a: no special abilities


You were on level 3 of the Dungeon.
You visited 1 branch of the dungeon, and saw 3 of its levels.

You collected 77 gold pieces.

Inventory:

Hand Weapons
 a - a +0 spear (weapon)
Missiles
 g - 21 bolts
Armour
 b - a +0 robe (worn)
Scrolls
 c - a scroll of teleportation
 e - a scroll of identify


   Skills:
 + Level 4.7 Fighting
 + Level 5.2 Polearms
 + Level 4.2 Dodging
 - Level 1.5 Stealth


You had 3 spell levels left.
You didn't know any spells.
Your spell library contained the following spells:

 Spells                   Type           Power      Damage    Failure   Level
 Olgreb's Toxic Radiance  Pois           0%         N/A       99%         4
 Ozocubu's Refrigeration  Ice            0%         4d5       100%        7
 Ignition                 Fire           0%         3d3       100%        8


Dungeon Overview and Level Annotations

Branches:
Dungeon (3/15)

Altars:
Cheibriados
Gozag

Shops:
D:3 [

Annotations:
D:2 Sigmund
D:3 Ijyb


Innate Abilities, Weirdness & Mutations

You have a pair of horns on your head.
You reflexively headbutt those who attack you in melee.


Message History

You reach to attack!
You barely miss Ijyb.
Ijyb is heavily wounded.
Reach: a) +0 spear
Press: ? - help, Dir - move target, f/p - Ijyb
Aim: Ijyb, wielding a +0 dagger, wearing a +2 leather armour of willpower and carrying a wand of flame (12) (heavily wounded, about 41% to evade your +0 spear)
You hit Ijyb but do no damage.
Ijyb is heavily wounded.
Ijyb screams, "Get away!"
Ijyb zaps a wand.
The puff of flame hits you.
* * * LOW HITPOINT WARNING * * *
Reach: a) +0 spear
Press: ? - help, Dir - move target, f/p - Ijyb
Aim: Ijyb, wielding a +0 dagger, wearing a +2 leather armour of willpower and carrying a wand of flame (11) (heavily wounded, about 41% to evade your +0 spear)
You hit Ijyb but do no damage.
Ijyb is heavily wounded.
Reach: a) +0 spear
Press: ? - help, Dir - move target, f/p - Ijyb
Aim: Ijyb, wielding a +0 dagger, wearing a +2 leather armour of willpower and carrying a wand of flame (11) (heavily wounded, about 41% to evade your +0 spear)
You hit Ijyb but do no damage.
Ijyb is heavily wounded.
Ijyb zaps a wand.
The puff of flame misses you.
Reach: a) +0 spear
Press: ? - help, Dir - move target, f/p - Ijyb
Aim: Ijyb, wielding a +0 dagger, wearing a +2 leather armour of willpower and carrying a wand of flame (10) (heavily wounded, about 41% to evade your +0 spear)
You hit Ijyb but do no damage. Your headbutt misses Ijyb.
Ijyb is heavily wounded.
Ijyb zaps a wand.
The puff of flame misses you.
Reach: a) +0 spear
Press: ? - help, Dir - move target, f/p - Ijyb
Aim: Ijyb, wielding a +0 dagger, wearing a +2 leather armour of willpower and carrying a wand of flame (9) (heavily wounded, about 41% to evade your +0 spear)
You closely miss Ijyb. You headbutt Ijyb, but do no damage.
Ijyb is heavily wounded.
Ijyb barely misses you. You furiously retaliate!
You headbutt Ijyb.
Reach: a) +0 spear
Press: ? - help, Dir - move target, f/p - Ijyb
Aim: Ijyb, wielding a +0 dagger, wearing a +2 leather armour of willpower and carrying a wand of flame (9) (almost dead, about 41% to evade your +0 spear)
You barely miss Ijyb.
Ijyb is almost dead.
Ijyb zaps a wand.
The puff of flame hits you!
You die...

..8##.###..## #.#.....#
_## #......# #.#.....#
### #.###.## #.#.....# .#
#.# #.#.....# .########.#
#.#.....# ###.....g.#
#....g..#
###.#################.###
....#
#.......####.#######
#####
#.####.@##.........#
#....##g##..######.#
#............#
#..#.#.......#
#............#
#...##.#.....# #.#
#.#......# # ..##.....#
### .....#


You could see Ijyb.

Vanquished Creatures
  A kobold brigand (D:3)
  2 adders (D:3)
  A worm (D:3)
  2 dart slugs (D:1)
  An orc (D:3)
  2 bats
  3 endoplasms (D:1)
  A giant cockroach (D:1)
  A goblin (D:1)
  4 hobgoblins
  A quokka (D:1)
  6 ball pythons
  3 frilled lizards
  A giant cockroach zombie (D:2)
  3 kobolds (D:1)
32 creatures vanquished.

Notes
Turn   | Place    | Note
-------+----------+-------------------------------------------
     0 | D:1      | BinkBink the Minotaur Monk began the quest for the Orb.
     0 | D:1      | Reached XP level 1. HP: 19/19 MP: 0/0
   525 | D:1      | Reached XP level 2. HP: 27/27 MP: 1/1
   569 | D:1      | Reached skill level 4 in Polearms
   966 | D:1      | Found a snail-covered altar of Cheibriados.
  1064 | D:2      | Noticed Sigmund
  1087 | D:3      | Reached XP level 3. HP: 9/33 MP: 2/2
  1334 | D:3      | Noticed a kobold brigand
  1357 | D:3      | Killed a kobold brigand
  1358 | D:3      | Reached skill level 5 in Polearms
  1358 | D:3      | Reached XP level 4. HP: 12/41 MP: 3/3
  1581 | D:3      | Found an opulent altar of Gozag.
  1774 | D:3      | Noticed a sky beast
  2122 | D:3      | Noticed Ijyb
  2147 | D:3      | HP: 2/41 [Ijyb/puff of flame (7)]
  2151 | D:3      | Found Kiremi's Antique Armour Shop.
  2217 | D:3      | Killed from afar by Ijyb

Illustrated notes

Levels and vault maps discovered:
D:1:      dpeg_arrival_lava_altar, layout_basic
D:2:      layout_loops_ring, serial_undead, serial_undead_e, serial_undead_c,
          serial_undead_b, serial_undead_a, basic_ecumenical_altar,
          minmay_circle_x, uniq_sigmund
D:3:      layout_loops_cross, nicolae_overflow_hidden_temple, serial_shops,
          shop, uniq_ijyb

Skill      XL: |  1  2  3 |
---------------+----------+-----
Fighting       | 4 |  4.7
Polearms       | 4 5 |  5.2
Dodging        | 4 |  4.2
Stealth        | |  1.5

Action                   |  1- 3 |  4- 6 || total
-------------------------+-------+-------++-------
Melee: Spear             |    85 |    55 ||   140
       Headbutt          |    11 |    12 ||    23
  Use: Potion            |     1 |     2 ||     3
       Scroll            |       |     3 ||     3
 Stab: Sleeping          |     3 |       ||     3
       Distracted        |       |     1 ||     1
Armor: Robe              |     4 |     2 ||     6
Dodge: Dodged            |    30 |    22 ||    52

Table legend: (Time is in decaauts)
 A = Elapsed time spent in this place.
 B = Non-inter-level travel time spent in this place.
 C = Inter-level travel time spent in this place.
 D = Time resting spent in this place.
 E = Time spent auto-exploring this place.
 F = Levels seen in this place.
 G = Mean time per level.
                   A        B        C        D        E       F      G
               +--------+--------+--------+--------+--------+-----+--------+
         Total |   2198 |   2165 |     33 |      0 |   1767 |   3 |  732.7 |
       Dungeon |   2198 |   2165 |     33 |      0 |   1767 |   3 |  732.7 |
               +--------+--------+--------+--------+--------+-----+--------+

Top non-repeatable levels by time:
     D:3: 1126 daAuts
     D:1: 994 daAuts
     D:2: 77 daAuts
